 Dungeon Crawl Stone Soup version 0.21.1-1-g345015fe64 (webtiles) character file.

148 Gitz the Magician (level 5, -1/35 HPs)
             Began as a Demonspawn Wizard on May 14, 2018.
             Killed by divine providence
             ... invoked by an orc priest
              (12 damage)
             ... on level 4 of the Dungeon.
             The game lasted 00:11:59 (2304 turns).

Gitz the Magician (Demonspawn Wizard)               Turns: 2304, Time: 00:12:00

Health: -1/35      AC:  2    Str:  7    XL:     5   Next: 8%
Magic:  0/20       EV: 12    Int: 20    God:
Gold:   117        SH:  0    Dex: 12    Spells: 7/13 levels left

rFire    . . .     SeeInvis .   l - +0 flail (venom)
rCold    . . .     Gourm    +   (no shield)
rNeg     . . .     Faith    .   a - +0 robe
rPois    .         Spirit   .   b - +0 hat
rElec    .         Reflect  .   (no cloak)
rCorr    .         Harm     .   (no gloves)
MR       .....                  (no boots)
Stlth    ++........             t - amulet of the gourmand
HPRegen  0.11/turn              m - ring of magical power
MPRegen  0.17/turn              (no ring)

@: no status effects
A: horns 1, demonic guardian 1, low mp 1, mutation resistance 1, no potion heal
1, rot immunity
a: no special abilities


You were on level 4 of the Dungeon.
You were not hungry.

You visited 1 branch of the dungeon, and saw 4 of its levels.

You collected 117 gold pieces.

Inventory:

Hand Weapons
 i - a +1 dagger of freezing
 j - a +1 dagger of speed
 l - a +0 flail of venom (weapon)
Armour
 a - a +0 robe (worn)
 b - a +0 hat (worn)
Jewellery
 m - a ring of magical power (left hand)
 t - an amulet of the gourmand (around neck)
Scrolls
 e - 3 scrolls of immolation
 k - a scroll of fear
 q - a scroll of amnesia
 s - 2 scrolls of remove curse
Potions
 f - 2 potions of brilliance
 h - 5 potions of curing
 n - a potion of berserk rage
 o - a potion of degeneration {unknown}
Books
 c - a book of Minor Magic

   Spells                             Type                      Level
   a - Magic Dart                     Conjuration                  1
   b - Blink                          Translocation                2
   c - Call Imp                       Summoning                    2
   d - Slow                           Hexes                        2
   e - Conjure Flame                  Conjuration/Fire             3
   f - Mephitic Cloud                 Conjuration/Poison/Air       3
Comestibles
 d - 6 rations


   Skills:
 + Level 0.3 Fighting
 + Level 0.3 Short Blades
 + Level 2.0 Dodging
 - Level 1.7 Stealth
 * Level 4.8 Spellcasting
 + Level 1.9 Conjurations
 + Level 1.4 Summonings
   Level 0.8 Translocations


You had 7 spell levels left.
You knew the following spells:

 Your Spells              Type           Power        Failure   Level  Hunger
a - Magic Dart            Conj           ##..         5%          1    None
b - Call Imp              Summ           ##......     10%         2    #......
c - Conjure Flame         Conj/Fire      #.......     24%         3    ##.....


Dungeon Overview and Level Annotations

Branches:
Dungeon (4/15)
 Temple: D:4-7

Altars:
Hepliaklqana
Trog
Xom
Zin


Innate Abilities, Weirdness & Mutations

A weak demonic guardian rushes to your aid.
You are immune to rotting.
You have a pair of small horns on your head.
Your magical capacity is low. (-10% MP)
You are somewhat resistant to further mutation.
Potions are less effective at restoring your health.


Message History

Your shadow imp barely misses the orc.
The orc misses your shadow imp.
Your shadow imp gestures at the orc.
The orc writhes in agony!
The orc hits your shadow imp but does no damage.
Your shadow imp closely misses the orc.
The orc barely misses your shadow imp.
Your shadow imp barely misses the orc.
The orc hits your shadow imp with a flail.
Your shadow imp hits the orc.
The orc dies!
Casting: Call Imp
Confirm with . or Enter, or press ? or * to list all spells.
A beastly little devil appears in a puff of flame.
Your crimson imp blinks!
You swap places.
The orc priest looks satisfied for a moment.
The orc closely misses your shadow imp.
Your crimson imp blinks!
The orc priest mumbles some strange prayers to Beogh against you.
Beogh smites you!
You die...

##.#
#.....##..
#o##
#.....###.
##.# #. #h.#
## #o## #
##5# ## #5##
##< #ยง# ##..
##@# #.<.
######.##
#...
#.....[#####
####
##.........##
#..........#
##.5.......#
##........#
#.........#
#........##


You could see an orc priest, an orc, a jackal, 2 friendly crimson imps and a
friendly shadow imp.

Vanquished Creatures
  2 gnolls (D:3)
  An adder skeleton (D:4)
  A worm (D:3)
  A dart slug (D:1)
  A leopard gecko (D:1)
  6 bats
  6 giant cockroaches
  2 goblins
  4 hobgoblins
  2 jackals
  A ball python (D:1)
  2 frilled lizards
  4 kobolds
  6 rats
39 creatures vanquished.

Vanquished Creatures (collateral kills)
  An ice beast (D:4)
  A worker ant (D:4)
  A gnoll (D:3)
  An adder (D:4)
  A worm (D:3)
  An orc (D:4)
  A goblin (D:2)
  A hobgoblin (D:2)
  3 jackals
  A kobold (D:2)
  3 bats
  A rat (D:1)
16 creatures vanquished.

Grand Total: 55 creatures vanquished

Notes
Turn   | Place    | Note
-------+----------+-------------------------------------------
     0 | D:1      | Gitz the Demonspawn Wizard began the quest for the Orb.
     0 | D:1      | Reached XP level 1. HP: 13/13 MP: 4/4
   151 | D:1      | Gained mutation: A weak demonic guardian rushes to your aid. [demonic ancestry]
   151 | D:1      | Reached XP level 2. HP: 19/19 MP: 1/6
   171 | D:1      | Learned a level 2 spell: Call Imp
   668 | D:2      | Found a stormy altar of Qazlal.
   671 | D:2      | Found a snail-covered altar of Cheibriados.
   671 | D:2      | Found a shimmering altar of Xom.
   673 | D:2      | Found a hide-covered altar of Uskayaw.
   673 | D:2      | Found a shimmering altar of Xom.
   673 | D:2      | Found a snail-covered altar of Cheibriados.
   717 | D:2      | Gained mutation: Potions are less effective at restoring your health. [potion of mutation]
   717 | D:2      | Gained mutation: Your flesh is cold resistant. (rC+) [potion of mutation]
   717 | D:2      | Gained mutation: Your muscles are strong. (Str +2) [potion of mutation]
   718 | D:2      | Lost mutation: Your muscles are strong. (Str +2) [potion of mutation]
   718 | D:2      | Lost mutation: Your flesh is cold resistant. (rC+) [potion of mutation]
   718 | D:2      | Gained mutation: Your magical capacity is low. (-10% MP) [potion of mutation]
   718 | D:2      | Gained mutation: You have a pair of small horns on your head. [potion of mutation]
   718 | D:2      | Gained mutation: You are somewhat resistant to further mutation. [potion of mutation]
   835 | D:2      | Reached skill level 4 in Spellcasting
   836 | D:2      | Reached XP level 3. HP: 9/24 MP: 2/7
  1329 | D:2      | Found a hazy altar of Hepliaklqana.
  1483 | D:3      | Found a bloodstained altar of Trog.
  1667 | D:3      | Reached XP level 4. HP: 30/30 MP: 0/9
  1933 | D:3      | Learned a level 3 spell: Conjure Flame
  1985 | D:4      | Found a glowing silver altar of Zin.
  2005 | D:4      | Noticed an ice beast
  2030 | D:4      | Killed an ice beast
  2121 | D:4      | Gained mutation: You are immune to rotting. [demonic ancestry]
  2121 | D:4      | Reached XP level 5. HP: 14/35 MP: 1/11
  2304 | D:4      | Killed from afar by an orc priest

Skill      XL: |  1  2  3 |
---------------+----------+-----
Spellcasting   | 4 |  4.8
Dodging        | 2 |  2.0
Fighting       | |  0.3
Short Blades   | |  0.3
Stealth        | |  1.7
Conjurations   | |  1.9
Summonings     | |  1.4
Translocations | |  0.8

Action                   |  1- 3 |  4- 6 || total
-------------------------+-------+-------++-------
Melee: Unarmed           |     6 |       ||     6
       Dagger            |    60 |       ||    60
       Headbutt          |     5 |     1 ||     6
       Club              |     2 |       ||     2
       Flail             |       |     4 ||     4
 Cast: Magic Dart        |    39 |    15 ||    54
       Call Imp          |     9 |    17 ||    26
       Conjure Flame     |       |     2 ||     2
  Use: Scroll            |     8 |     2 ||    10
       Potion            |     2 |       ||     2
 Stab: Distracted        |     1 |       ||     1
       Sleeping          |     1 |       ||     1
  Eat: Chunk             |     4 |     6 ||    10
Armor: Robe              |    19 |     2 ||    21
Dodge: Dodged            |    47 |     4 ||    51
